Map: Mementos LE

Players

LIDERSKULL - Winner!

  • Race: Terran Terran
  • Spawn Location: 1:00

eAtpOoP - Winner!

  • Race: Protoss Protoss
  • Spawn Location: 3:00

steven - Winner!

  • Race: Terran Terran
  • Spawn Location: 3:00

Chip - Winner!

  • Race: Zerg Zerg
  • Spawn Location: 12:00

Dontwearpant

  • Race: Protoss Protoss
  • Spawn Location: 9:00

Liverpool

  • Race: Protoss Protoss
  • Spawn Location: 6:00

RayoftheSun

  • Race: Zerg Zerg
  • Spawn Location: 9:00

DontMention

  • Race: Protoss Protoss
  • Spawn Location: 7:00

VOD

Have the link to the VOD?

Description

Time

  • Played on: Feb. 17, 2021, 12:29 a.m.
  • Length: 45:55
Show
View Real Time Build Order
Export as new Build Order

LIDERSKULL Terran - Winner!

Build Orders: 2 Factory, Hellion Opening 

Get SALT Encoding   

  12  0:04  SCV  
  13  0:18  Supply Depot, SCV  
  14  0:28  Refinery  
  14  0:30  SCV  
  15  0:45  Barracks  
  15  0:48  SCV  
  16  1:00  SCV  
  17  1:06  Refinery  
  17  1:12  SCV  
  18  1:24  SCV  
  19  1:36  SCV  
  20  1:41  Factory  
  20  1:50  SCV  
  20  1:51  Barracks Reactor  
  21  2:02  Supply Depot, SCV  
  22  2:14  SCV  
  23  2:17  Factory  
  23  2:26  SCV  
  24  2:44  Barracks Tech Lab  
  24  2:46  Hellion x2  
  28  2:57  Supply Depot  
  28  3:08  Hellion  
  30  3:19  Hellion  
  32  3:25  Infernal Pre-Igniter  
  32  3:28  Hellion  
  32  3:29  Hellion, Barracks Tech Lab  
  32  3:33  Supply Depot  
  36  3:40  Hellion  
  38  4:04  Command Center  
  38  4:25  Orbital Command  
  38  4:35  Armory  
  38  4:36  Armory  
  34  5:26  Factory x2  
  34  5:39  Orbital Command  
  34  5:46  Command Center, SCV  
  34  5:47  Refinery  
  35  5:54  Terran Vehicle Weapons Level 1  
  35  6:04  Supply Depot  
  35  6:07  Terran Vehicle And Ship Armor Level 1  
  35  6:13  Refinery  
  35  6:28  SCV  
  26  6:41  SCV  
  26  6:42  Factory Tech Lab x2  
  27  6:47  Thor  
  27  6:53  SCV  
  34  6:56  Thor  
  40  7:05  SCV  
  41  7:17  SCV  
  42  7:29  SCV  
  43  7:30  SCV  
  44  7:40  Supply Depot  
  44  7:41  SCV  
  44  7:43  Supply Depot, SCV  
  46  7:49  Thor  
  46  7:51  Thor  
  58  7:53  SCV  
  58  7:55  SCV  
  61  8:05  SCV  
  61  8:07  SCV  
  61  8:19  SCV  
  62  8:57  SCV  
  62  9:00  Terran Vehicle And Ship Armor Level 2, Terran Vehicle Weapons Level 2  
  63  9:09  SCV  
  64  9:18  SCV  
  64  9:21  SCV  
  66  9:27  Thor  
  66  9:28  Thor x2  
  66  9:30  SCV  
  85  9:32  Orbital Command  
  85  9:34  SCV  
  86  9:42  SCV  
  87  9:46  SCV  
  88  9:53  Refinery, Engineering Bay  
  88  9:54  SCV  
  88  9:55  Refinery  
  88  9:58  SCV  
  90  10:06  SCV  
  91  10:09  Thor  
  91  10:10  SCV, Thor  
  104  10:18  SCV  
  105  10:22  SCV  
  106  10:30  SCV  
  106  10:34  SCV  
  109  10:42  SCV  
  109  10:46  SCV  
  110  11:01  SCV  
  111  11:10  Missile Turret x2  
  111  11:13  SCV  
  111  11:16  Thor  
  111  11:17  Thor x2  
  130  11:19  Thor  
  137  11:25  SCV  
  137  11:32  Missile Turret  
  137  11:37  SCV  
  138  11:49  SCV  
  139  12:09  Terran Vehicle Weapons Level 3, Terran Vehicle And Ship Armor Level 3  
  139  12:34  Thor  
  145  12:41  Supply Depot  
  145  12:42  Supply Depot  
  145  12:45  Supply Depot  
  145  12:50  Supply Depot  
  145  13:02  Thor x2  
  145  13:03  Thor  
  163  13:14  Supply Depot  
  163  13:15  Supply Depot  
  163  13:16  Supply Depot  
  163  13:17  Supply Depot, Thor  
  169  13:34  Supply Depot x4  
  169  13:37  Supply Depot  
  169  13:38  Supply Depot  
  169  13:41  Supply Depot  
  169  13:45  Thor x2  
  181  14:13  Thor x2  
  193  14:28  Thor  
  150  15:49  Orbital Command  
  146  16:30  SCV  
  147  16:33  SCV  
  147  16:39  SCV  
  149  16:45  SCV  
  150  16:51  SCV  
  150  17:28  Engineering Bay  
  150  17:36  Supply Depot  
  137  17:53  Orbital Command  
  137  18:00  Supply Depot  
  122  19:13  Factory  
  120  21:33  Barracks  
  117  22:45  Factory  
  101  27:04  Command Center  
  99  28:25  Orbital Command  
  91  29:14  Supply Depot  
  91  29:36  Supply Depot  
  91  29:59  Supply Depot  
  91  30:23  Supply Depot  
  91  30:45  Supply Depot  
  73  31:54  Supply Depot  
  73  32:17  Supply Depot  
  73  32:36  SCV  
  74  32:41  Supply Depot  
  74  32:48  SCV  
  75  33:00  SCV  
  75  33:03  Supply Depot  
  76  33:12  SCV  
  77  33:24  SCV  
  78  33:36  SCV  
  79  33:48  SCV  
  80  34:01  SCV  
  69  34:13  SCV  
  52  34:25  SCV  
  53  34:37  SCV  
  48  34:49  SCV  
  48  34:52  Command Center  
  49  35:01  SCV  
  49  35:06  Command Center  
  50  35:10  Command Center  
  49  35:49  SCV  
  50  36:01  SCV  
  51  36:12  Barracks  
  51  36:13  SCV  
  52  36:23  SCV  
  53  36:25  SCV  
  54  36:35  SCV  
  54  36:38  SCV  
  56  36:48  SCV  
  57  37:00  SCV  
  58  37:12  SCV  
  59  37:18  Factory  
  52  38:01  Factory  
  52  38:03  Factory Tech Lab  
  52  38:30  Armory  
  52  38:47  Factory Tech Lab  
  52  38:54  Refinery  
  48  39:19  Cyclone x2  
  54  39:51  Cyclone  
  51  40:14  Factory  
  51  40:17  Factory  
  48  40:23  Cyclone  
  47  40:56  Cyclone  
  47  41:15  Factory Tech Lab  
  47  41:21  Factory Tech Lab  
  47  41:28  Cyclone  
  38  42:00  Cyclone x3  
  47  42:18  Refinery, SCV  
  47  42:19  Refinery  
  48  42:30  SCV  
  48  42:32  Cyclone x2  
  55  42:40  Cyclone  
  46  43:04  Cyclone  
Show
View Real Time Build Order
Export as new Build Order

eAtpOoP Protoss - Winner!

Build Orders:  

Get SALT Encoding   

  12  0:01  Probe  
  13  0:13  Probe  
  14  0:25  Probe  
  14  0:27  Pylon  
  15  0:31  Assimilator  
  15  0:45  Probe (Chrono Boost)  
  16  0:53  Gateway  
  16  0:54  Probe (Chrono Boost)  
  17  0:59  Probe (Chrono Boost)  
  18  1:11  Probe  
  19  1:23  Probe (Chrono Boost), Assimilator  
  21  1:34  Probe (Chrono Boost)  
  21  1:38  Probe (Chrono Boost)  
  21  1:44  Cybernetics Core  
  22  1:49  Probe  
  23  2:14  Nexus  
  23  2:20  Pylon  
  23  2:31  Pylon  
  23  2:38  Probe  
  24  2:50  Probe (Chrono Boost), Pylon  
  25  3:02  Probe (Chrono Boost)  
  26  3:06  Probe (Chrono Boost)  
  26  3:09  Protoss Air Weapons Level 1 (Chrono Boost)  
  27  3:16  Probe  
  28  3:29  Probe  
  28  3:32  Nexus  
  29  3:39  Probe (Chrono Boost)  
  31  3:50  Probe (Chrono Boost)  
  31  3:54  Probe (Chrono Boost)  
  31  3:56  Stargate  
  31  3:58  Stargate x2  
  32  4:03  Pylon  
  32  4:06  Probe  
  33  4:15  Pylon  
  33  4:17  Assimilator  
  33  4:18  Probe  
  33  4:21  Assimilator  
  34  4:45  Probe (Chrono Boost)  
  35  4:52  Void Ray  
  39  4:53  Void Ray x2  
  39  4:55  Probe (Chrono Boost)  
  48  5:00  Probe (Chrono Boost)  
  48  5:02  Stargate  
  50  5:07  Probe (Chrono Boost)  
  50  5:08  Assimilator  
  50  5:10  Probe (Chrono Boost)  
  50  5:11  Assimilator  
  52  5:17  Probe (Chrono Boost)  
  52  5:20  Probe (Chrono Boost)  
  52  5:21  Probe (Chrono Boost)  
  54  5:24  Probe (Chrono Boost)  
  54  5:25  Probe (Chrono Boost)  
  60  5:35  Probe  
  60  5:36  Probe  
  60  5:41  Void Ray (Chrono Boost)  
  62  5:43  Pylon  
  62  5:46  Pylon  
  62  5:48  Probe  
  63  5:50  Pylon  
  63  5:52  Protoss Air Armor Level 1 (Chrono Boost)  
  63  5:54  Void Ray (Chrono Boost)  
  67  6:00  Probe  
  68  6:12  Probe  
  77  6:18  Void Ray (Chrono Boost)  
  77  6:19  Void Ray (Chrono Boost)  
  81  6:28  Probe  
  81  6:32  Void Ray (Chrono Boost)  
  82  6:37  Void Ray (Chrono Boost)  
  86  6:40  Probe  
  51  7:26  Void Ray (Chrono Boost)  
  51  7:31  Void Ray (Chrono Boost)  
  51  7:32  Void Ray (Chrono Boost)  
  55  7:38  Void Ray (Chrono Boost)  
  55  8:31  Void Ray (Chrono Boost)  
  55  8:39  Zealot  
  65  8:41  Void Ray x2 (Chrono Boost)  
  65  8:47  Void Ray (Chrono Boost)  
  65  9:06  Zealot  
  71  9:17  Void Ray x2  
  75  9:33  Zealot  
  77  9:50  Pylon  
  77  10:00  Void Ray x2, Zealot  
  83  10:27  Zealot  
  81  10:50  Void Ray  
  81  10:51  Void Ray x2  
  93  11:22  Void Ray (Chrono Boost)  
  97  11:28  Void Ray (Chrono Boost)  
  99  12:01  Void Ray (Chrono Boost)  
  80  12:46  Void Ray x4  
  80  12:48  Zealot  
  94  13:21  Gateway  
  94  13:23  Gateway  
  94  13:41  Pylon  
  94  13:42  Pylon  
  94  13:44  Pylon  
  94  13:46  Pylon  
  94  13:48  Pylon  
  94  13:50  Pylon  
  94  13:55  Zealot  
  91  13:59  Void Ray  
  53  14:22  Zealot  
  36  14:45  Forge  
  13  15:08  Probe (Chrono Boost)  
  6  15:46  Nexus  
  6  15:49  Pylon  
  6  15:52  Probe (Chrono Boost)  
  7  16:02  Probe (Chrono Boost)  
  8  16:07  Probe (Chrono Boost)  
  10  16:18  Probe  
  10  16:30  Probe  
  10  16:32  Assimilator  
  11  16:34  Pylon  
  11  16:37  Forge  
  11  16:39  Pylon  
  11  16:43  Nexus  
  11  17:05  Forge  
  11  17:10  Photon Cannon  
  11  17:13  Photon Cannon  
  7  17:17  Photon Cannon  
  7  17:18  Photon Cannon  
  6  17:24  Photon Cannon  
  6  17:26  Photon Cannon  
  6  17:31  Photon Cannon  
  6  17:36  Photon Cannon  
  6  17:39  Photon Cannon  
  6  17:51  Photon Cannon  
  6  17:54  Photon Cannon  
  6  17:57  Photon Cannon  
  6  17:59  Probe  
  7  18:06  Photon Cannon  
  7  18:07  Photon Cannon  
  7  18:11  Probe, Photon Cannon  
  7  18:16  Photon Cannon  
  7  18:18  Pylon  
  7  18:23  Probe  
  8  18:29  Photon Cannon  
  8  18:32  Photon Cannon  
  8  18:35  Probe  
  8  18:37  Pylon  
  9  18:47  Probe  
  8  19:13  Probe (Chrono Boost)  
  8  19:16  Probe (Chrono Boost)  
  10  19:23  Probe (Chrono Boost)  
  12  19:24  Photon Cannon  
  12  19:26  Probe (Chrono Boost)  
  12  19:28  Probe (Chrono Boost)  
  12  19:39  Probe  
  12  19:44  Pylon  
  12  19:49  Photon Cannon  
  11  19:53  Pylon  
Show
View Real Time Build Order
Export as new Build Order

steven Terran - Winner!

Build Orders:  

Get SALT Encoding   

  12  0:00  SCV  
  13  0:13  SCV  
  14  0:22  Supply Depot  
  14  0:25  SCV  
  15  0:44  SCV  
  15  0:48  Barracks  
  16  0:56  SCV  
  17  1:08  SCV  
  18  1:17  Command Center  
  18  1:22  SCV  
  19  1:40  Marine  
  19  1:41  Bunker  
  19  1:44  SCV  
  21  1:53  Refinery  
  21  1:57  Refinery  
  21  1:58  Marine, SCV  
  23  2:28  Marine  
  23  2:29  SCV  
  25  2:35  Supply Depot  
  25  2:41  SCV x2  
  27  2:46  Marine  
  28  2:53  SCV  
  28  2:54  SCV  
  30  2:58  Supply Depot  
  30  3:04  Marine  
  31  3:06  SCV  
  32  3:21  Supply Depot  
  32  3:22  SCV x2  
  34  3:32  Marine  
  35  3:34  SCV  
  36  3:44  Supply Depot  
  36  3:46  Factory, SCV  
  37  3:48  Orbital Command  
  37  3:50  Marine  
  38  3:58  SCV  
  39  4:07  Refinery, Marine  
  39  4:09  Refinery  
  40  4:11  SCV  
  41  4:25  Marine  
  41  4:26  Factory  
  41  4:27  Factory  
  42  4:34  Orbital Command  
  42  4:35  SCV  
  43  4:43  Marine  
  44  4:47  SCV  
  44  4:48  Factory Tech Lab, Command Center  
  46  5:00  SCV  
  46  5:04  Armory  
  46  5:11  Armory  
  46  5:12  SCV  
  46  5:13  Factory Tech Lab  
  46  5:14  Factory Tech Lab  
  47  5:24  SCV  
  48  6:15  Thor x3  
  66  6:22  Terran Vehicle Weapons Level 1  
  66  6:35  Terran Vehicle And Ship Armor Level 1  
  66  6:43  SCV  
  66  6:46  Refinery  
  67  6:49  Refinery  
  67  6:55  SCV  
  67  6:58  Thor  
  71  7:07  SCV  
  69  7:14  Thor  
  71  7:15  Thor  
  71  7:19  SCV  
  66  7:31  SCV  
  61  7:41  Thor  
  36  8:10  Thor  
  32  8:55  Thor  
  38  8:56  Factory Tech Lab  
  38  8:59  SCV  
  39  9:11  SCV  
  39  9:13  Command Center  
  40  9:19  Terran Vehicle And Ship Armor Level 2, Terran Vehicle Weapons Level 2  
  40  9:21  Command Center  
  40  9:23  SCV  
  41  9:35  SCV  
  43  9:54  Barracks, SCV  
  44  10:08  SCV  
  44  10:27  SCV  
  31  10:39  SCV  
  32  10:52  SCV  
  32  10:56  Command Center  
  33  11:04  SCV  
  34  11:06  SCV  
  35  11:14  Refinery  
  35  11:16  SCV  
  35  11:18  SCV  
  37  11:30  SCV  
  26  11:42  SCV  
  26  11:45  Thor  
  26  11:46  Thor  
  38  11:54  SCV  
  34  12:28  Thor  
  34  12:29  Thor  
  44  13:11  Thor  
  3  19:20  SCV  
  4  19:32  SCV  
  5  19:44  SCV  
  6  19:56  SCV  
  7  20:09  SCV  
Show
View Real Time Build Order
Export as new Build Order

Chip Zerg - Winner!

Build Orders: Pool First 

Get SALT Encoding   

  12  0:20  Spawning Pool  
  11  0:26  Extractor  
  11  0:27  Drone  
  11  0:31  Drone  
  12  0:35  Drone  
  14  0:42  Drone  
  14  0:56  Overlord  
  14  1:02  Overlord  
  14  1:15  Queen  
  16  1:28  Metabolic Boost  
  16  1:34  Drone  
  16  1:35  Drone  
  18  1:40  Drone  
  19  1:50  Overlord  
  19  2:09  Zergling x4  
  21  2:18  Zergling x2  
  22  2:24  Zergling x4  
  22  2:25  Zergling x2  
  25  2:31  Zergling x2  
  26  2:49  Hatchery  
  25  2:53  Zergling x4  
  27  2:59  Zergling x4  
  27  3:11  Lair  
  27  3:21  Drone  
  28  3:35  Drone x3  
  28  3:38  Extractor  
  28  3:40  Drone x2  
  32  3:42  Drone  
  33  4:02  Queen  
  33  4:06  Drone x3  
  33  4:08  Drone  
  38  4:47  Spire  
  38  4:51  Overlord x2  
  37  4:54  Drone  
  37  4:57  Overlord x3  
  37  4:59  Pneumatized Carapace  
  38  5:17  Extractor  
  38  5:20  Drone  
  38  5:22  Drone x3  
  38  5:25  Drone x5  
  46  5:38  Extractor  
  46  5:40  Drone x3  
  48  5:47  Drone x3  
  51  5:50  Drone  
  51  5:51  Drone  
  51  5:52  Drone  
  51  5:53  Drone  
  55  5:59  Overlord  
  55  6:02  Overlord  
  55  6:15  Corruptor  
  55  6:16  Corruptor  
  59  6:23  Corruptor  
  59  6:25  Corruptor  
  63  6:31  Zerg Flyer Armor Level 1  
  63  6:48  Mutalisk x5  
  63  6:51  Zergling x2  
  63  6:52  Zergling x2  
  63  6:53  Zergling x2  
  76  6:55  Zergling x2  
  74  7:15  Baneling Nest  
  68  7:22  Zergling x6  
  71  7:23  Zergling x14  
  78  7:39  Overlord  
  78  7:40  Overlord  
  78  7:48  Zergling x6  
  78  7:49  Zergling x2  
  82  7:58  Centrifugal Hooks  
  82  8:02  Baneling x3  
  82  8:03  Baneling x8  
  82  8:04  Baneling x7  
  82  8:05  Baneling x7  
  82  8:06  Baneling x3  
  82  8:12  Zergling x6  
  85  8:13  Zergling x8  
  85  8:14  Zergling x2  
  83  8:32  Zergling x6  
  83  8:33  Zergling x6  
  77  9:04  Baneling x7  
  77  9:05  Baneling x7  
  77  9:06  Baneling x8  
  77  9:07  Baneling x4  
  77  9:12  Zergling x12  
  83  9:24  Zergling x4  
  83  9:25  Zergling x8  
  89  9:37  Overlord  
  89  9:38  Overlord  
  89  9:43  Baneling x7  
  89  9:44  Baneling x5  
  89  9:48  Baneling x4  
  89  9:49  Baneling x7  
  89  9:50  Baneling  
  89  10:00  Zergling x4  
  89  10:01  Zergling x12  
  68  10:44  Zergling x16  
  68  10:45  Zergling x12  
  82  11:01  Zergling x4  
  84  11:10  Baneling x7  
  84  11:11  Baneling x8  
  84  11:12  Baneling x7  
  84  11:13  Baneling x8  
  84  11:14  Baneling x6  
  84  11:19  Zergling x12  
  90  11:39  Zergling x10  
  95  11:44  Baneling x2  
  95  11:45  Baneling x7  
  95  11:46  Baneling x5  
  75  12:30  Zergling x8  
  75  12:31  Zergling x16  
  75  12:32  Zergling x2  
  88  12:43  Zergling x2  
  88  12:44  Zergling x8  
  85  13:02  Baneling x5  
  85  13:03  Baneling x9  
  85  13:04  Baneling x7  
  85  13:05  Baneling x8  
  85  13:06  Baneling x4  
  85  13:18  Zergling x14  
  85  13:19  Zergling x6  
  95  13:25  Baneling x4  
  95  13:26  Baneling x6  
  95  13:55  Zergling x12  
  100  13:56  Zergling x10  
  105  14:09  Corruptor x2  
  105  14:23  Corruptor x3  
  105  14:24  Corruptor x4  
  117  14:45  Corruptor  
  117  14:46  Corruptor x2  
  116  15:14  Corruptor x2  
  116  15:15  Corruptor  
  100  15:30  Zergling x2  
  100  15:31  Zergling x16  
  103  17:10  Hatchery  
  69  17:29  Corruptor x7  
  75  17:30  Corruptor x4  
  80  17:58  Spine Crawler  
  80  17:59  Spine Crawler x2  
  80  18:00  Spine Crawler  
  80  18:01  Spine Crawler  
  61  18:44  Mutalisk x2  
  61  18:45  Mutalisk  
Show
View Real Time Build Order
Export as new Build Order

Dontwearpant Protoss 

Build Orders: Nexus First 

Get SALT Encoding   

  12  0:01  Probe (Chrono Boost)  
  13  0:11  Probe (Chrono Boost)  
  14  0:15  Probe (Chrono Boost)  
  15  0:31  Pylon  
  15  0:49  Probe  
  16  1:01  Probe  
  17  1:04  Nexus  
  17  1:13  Probe  
  17  1:18  Gateway  
  18  1:22  Assimilator  
  18  1:27  Probe (Chrono Boost)  
  19  1:36  Probe (Chrono Boost)  
  20  1:41  Probe (Chrono Boost)  
  21  1:50  Gateway  
  21  1:53  Pylon  
  21  2:03  Assimilator  
  21  2:09  Probe (Chrono Boost)  
  21  2:11  Cybernetics Core  
  22  2:21  Probe (Chrono Boost)  
  22  2:22  Gateway  
  23  2:26  Probe (Chrono Boost)  
  23  2:29  Probe (Chrono Boost)  
  25  2:34  Probe (Chrono Boost)  
  27  2:37  Probe (Chrono Boost)  
  27  2:42  Probe  
  27  2:43  Warp Gate (Chrono Boost)  
  28  2:47  Probe  
  29  2:52  Gateway  
  29  2:54  Probe  
  29  2:58  Stalker  
  32  2:59  Probe  
  32  3:03  Stalker  
  35  3:06  Probe  
  35  3:11  Probe  
  37  3:17  Stalker  
  39  3:20  Probe  
  39  3:23  Probe  
  41  3:32  Probe, Pylon  
  42  3:34  Pylon  
  42  3:38  Probe, Assimilator  
  43  3:43  Assimilator  
  43  3:44  Probe  
  43  3:45  Stalker  
  46  3:50  Probe  
  46  3:51  Stalker  
  49  3:56  Probe, Stalker  
  49  3:58  Stalker  
  54  4:12  Probe  
  55  4:24  Probe  
  55  4:26  Stalker  
  55  4:51  Stalker x3  
  62  5:00  Probe  
  62  5:18  Pylon x2  
  62  5:32  Forge  
  62  5:36  Probe x2, Forge  
  62  5:38  Stalker  
  62  5:39  Stalker x3  
  72  5:46  Twilight Council  
  72  5:48  Probe  
  73  5:53  Robotics Facility  
  73  5:54  Gateway  
  73  5:57  Gateway  
  73  6:06  Stalker  
  73  6:07  Stalker  
  73  6:08  Gateway x2  
  77  6:24  Nexus  
  77  6:26  Pylon  
  77  6:29  Pylon  
  77  6:50  Pylon  
  77  6:53  Pylon  
  77  6:55  Pylon  
  77  6:56  Pylon  
  77  6:59  Stalker x4  
  77  7:00  Stalker x2  
  75  7:22  Stalker x4  
  79  7:29  Stalker x2  
  77  7:42  Pylon  
  77  7:45  Pylon  
  73  7:54  Assimilator  
  73  7:58  Assimilator  
  59  8:11  Stalker x6  
  59  8:12  Stalker  
  59  8:44  Stalker  
  59  8:45  Stalker x4  
  59  8:46  Stalker x3  
  59  8:48  Blink, Probe  
  76  8:52  Protoss Ground Armor Level 1 (Chrono Boost)  
  76  8:53  Protoss Ground Weapons Level 1 (Chrono Boost)  
  76  9:00  Observer (Chrono Boost), Probe  
  78  9:08  Probe (Chrono Boost)  
  80  9:12  Probe (Chrono Boost)  
  80  9:13  Observer (Chrono Boost), Probe (Chrono Boost)  
  82  9:22  Probe (Chrono Boost)  
  82  9:23  Probe (Chrono Boost)  
  84  9:29  Probe  
  85  9:32  Probe, Stalker x5, Observer  
  97  9:50  Stalker x3  
  103  9:57  Stalker x4  
  69  10:43  Stalker x5  
  69  10:44  Stalker x3  
  69  10:46  Probe  
  84  10:51  Protoss Ground Armor Level 2 (Chrono Boost), Dark Shrine  
  84  10:58  Probe  
  84  11:02  Protoss Ground Weapons Level 2 (Chrono Boost)  
  85  11:09  Stalker x5  
  85  11:10  Stalker x3  
  95  11:40  Stalker x3  
  95  11:41  Stalker x5  
  111  11:47  Observer  
  112  11:57  Nexus  
  112  12:01  Pylon  
  112  12:03  Pylon  
  112  12:06  Pylon  
  108  12:09  Observer  
  77  12:19  Dark Templar x2  
  77  12:20  Dark Templar x4  
  75  13:03  Dark Templar x2  
  75  13:04  Dark Templar x5  
  89  13:09  Protoss Ground Armor Level 3 (Chrono Boost)  
  89  13:13  Assimilator  
  89  13:16  Assimilator  
  89  13:23  Dark Templar  
  91  13:30  Protoss Ground Weapons Level 3 (Chrono Boost)  
  91  13:39  Probe (Chrono Boost)  
  92  13:48  Probe (Chrono Boost), Dark Templar  
  94  13:49  Probe (Chrono Boost)  
  94  13:54  Probe x2 (Chrono Boost)  
  90  14:06  Probe  
  89  14:43  Dark Templar x2  
  89  14:44  Dark Templar x6  
  82  15:37  Dark Templar x5  
  82  15:38  Dark Templar x3  
Show
View Real Time Build Order
Export as new Build Order

Liverpool Protoss 

Build Orders: Carriers 

Get SALT Encoding   

  12  0:01  Probe  
  13  0:13  Probe  
  14  0:24  Pylon  
  14  0:26  Probe  
  15  0:31  Assimilator  
  15  0:42  Probe  
  16  0:53  Gateway  
  16  0:59  Pylon  
  16  1:02  Probe  
  17  1:09  Forge  
  17  1:19  Pylon  
  17  1:24  Probe  
  18  1:36  Probe  
  19  1:44  Gateway  
  19  1:51  Photon Cannon  
  19  2:02  Photon Cannon  
  19  2:10  Cybernetics Core  
  19  2:17  Probe, Assimilator  
  20  2:26  Gateway  
  20  2:45  Warp Gate (Chrono Boost)  
  20  2:47  Stalker x2  
  24  3:08  Probe  
  25  3:16  Probe  
  25  3:24  Probe, Nexus  
  27  3:36  Shield Battery  
  27  3:41  Photon Cannon  
  27  3:49  Assimilator  
  27  3:52  Stalker  
  29  4:00  Probe  
  30  4:12  Probe, Photon Cannon  
  31  4:21  Pylon  
  31  4:24  Probe  
  31  4:28  Pylon  
  32  4:53  Stalker  
  32  4:54  Stalker x2  
  32  4:56  Probe (Chrono Boost)  
  40  5:08  Probe (Chrono Boost)  
  40  5:12  Probe (Chrono Boost)  
  42  5:17  Probe (Chrono Boost)  
  42  5:19  Photon Cannon  
  42  5:20  Probe (Chrono Boost)  
  43  5:25  Probe (Chrono Boost)  
  44  5:28  Photon Cannon  
  44  5:36  Probe  
  44  5:37  Photon Cannon  
  45  5:43  Pylon  
  45  5:48  Probe  
  46  5:50  Pylon  
  46  6:00  Stargate  
  46  6:03  Probe (Chrono Boost)  
  47  6:13  Probe (Chrono Boost)  
  47  6:14  Stalker, Assimilator  
  47  6:15  Stalker  
  47  6:18  Probe (Chrono Boost), Stalker  
  55  6:29  Probe  
  56  6:41  Probe  
  49  7:25  Fleet Beacon  
  49  7:29  Twilight Council  
  45  7:33  Stargate  
  45  7:38  Pylon  
  45  7:40  Protoss Shields Level 1  
  45  7:49  Nexus  
  45  7:52  Pylon  
  45  7:54  Assimilator  
  45  8:04  Protoss Air Weapons Level 1 (Chrono Boost)  
  45  8:08  Stalker x2  
  45  8:09  Stalker  
  45  8:45  Carrier x2  
  51  9:10  Probe  
  54  9:24  Probe (Chrono Boost)  
  54  9:26  Probe (Chrono Boost)  
  54  9:34  Probe (Chrono Boost)  
  54  9:37  Probe (Chrono Boost)  
  56  9:39  Probe (Chrono Boost)  
  56  9:45  Stargate  
  57  9:49  Carrier  
  57  9:50  Probe  
  64  9:55  Carrier  
  70  10:02  Probe (Chrono Boost)  
  70  10:05  Nexus  
  72  10:14  Probe (Chrono Boost)  
  72  10:21  Probe (Chrono Boost)  
  73  10:44  Carrier  
  79  10:50  Assimilator  
  79  10:52  Assimilator  
  79  10:53  Pylon  
  79  11:02  Pylon  
  67  11:33  Carrier x2  
  79  11:48  Protoss Air Armor Level 1 (Chrono Boost), Carrier  
  86  11:54  Probe (Chrono Boost)  
  86  12:04  Probe (Chrono Boost)  
  87  12:09  Probe (Chrono Boost)  
  82  12:20  Probe  
  77  12:32  Probe (Chrono Boost)  
  78  12:38  Carrier x2  
  78  12:43  Protoss Shields Level 2  
  91  12:44  Probe (Chrono Boost)  
  91  12:50  Probe (Chrono Boost)  
  92  12:59  Probe  
  92  13:00  Carrier  
  99  13:11  Probe  
  100  13:32  Probe (Chrono Boost)  
  101  13:39  Protoss Air Weapons Level 2 (Chrono Boost)  
  102  13:42  Probe (Chrono Boost)  
  102  13:45  Carrier x2  
  102  13:47  Probe (Chrono Boost)  
  115  13:59  Probe  
  116  14:11  Probe  
  111  14:50  Carrier  
  111  14:51  Carrier  
  123  15:06  Carrier  
  87  15:54  Carrier  
  87  15:55  Carrier  
  99  16:10  Carrier  
  105  16:34  Pylon  
  105  16:39  Photon Cannon  
  105  16:41  Photon Cannon  
  105  16:58  Carrier  
  105  16:59  Carrier  
  117  17:14  Carrier  
  123  17:18  Nexus  
  123  17:20  Pylon  
  75  18:09  Carrier (Chrono Boost)  
  75  18:10  Carrier (Chrono Boost)  
  81  18:14  Stargate  
  81  18:16  Stargate  
  81  18:19  Pylon  
  41  19:20  Pylon  
  41  19:24  Stargate  
  41  19:27  Photon Cannon  
  42  19:31  Probe (Chrono Boost)  
  40  19:41  Probe (Chrono Boost)  
  40  19:46  Probe (Chrono Boost)  
  40  19:49  Assimilator  
  41  19:57  Probe  
  42  20:09  Probe  
  42  20:13  Void Ray (Chrono Boost)  
  47  20:43  Void Ray (Chrono Boost)  
  51  21:10  Pylon  
  51  21:18  Void Ray (Chrono Boost)  
  55  21:30  Gateway  
  55  21:38  Probe  
  56  21:47  Fleet Beacon  
  56  21:50  Probe  
  56  21:51  Pylon  
  57  21:54  Forge  
  57  22:53  Tempest  
  57  22:55  Cybernetics Core  
  58  23:36  Tempest  
  63  24:04  Nexus  
  63  24:08  Pylon  
  63  24:19  Tempest  
  68  25:01  Tempest  
  73  25:13  Stargate  
  73  25:17  Stargate  
  73  25:19  Stargate  
  73  25:21  Stargate  
  73  25:24  Pylon  
  73  25:28  Pylon  
  73  25:47  Tempest (Chrono Boost)  
  48  26:14  Carrier (Chrono Boost)  
  48  26:15  Carrier x3 (Chrono Boost)  
  72  26:31  Tempest (Chrono Boost)  
  77  27:09  Nexus  
  77  27:12  Carrier (Chrono Boost)  
  101  27:16  Carrier x2 (Chrono Boost)  
  101  27:17  Carrier (Chrono Boost)  
  95  28:07  Carrier (Chrono Boost)  
  98  28:15  Carrier  
  100  28:20  Carrier  
  100  28:25  Carrier  
  75  29:41  Carrier  
  75  31:07  Carrier  
  14  31:42  Void Ray  
  18  32:04  Probe  
  19  32:10  Probe  
  20  32:16  Probe  
  20  32:22  Probe  
  22  32:28  Probe  
  23  32:34  Probe  
  24  32:40  Probe  
  25  32:46  Probe  
  25  32:50  Nexus  
  26  32:52  Probe, Assimilator  
  26  32:54  Pylon  
  26  32:58  Probe  
  28  33:00  Pylon  
  28  33:03  Assimilator  
  8  33:52  Gateway  
  8  33:55  Forge  
  8  34:29  Photon Cannon  
  8  35:01  Probe  
  9  35:13  Probe  
  10  35:21  Void Ray  
  14  35:29  Assimilator  
  14  35:57  Probe  
  15  36:10  Probe  
  24  36:18  Void Ray (Chrono Boost)  
  24  36:25  Void Ray (Chrono Boost)  
  24  36:33  Void Ray (Chrono Boost)  
  28  36:53  Nexus  
  28  36:55  Assimilator  
  28  36:59  Void Ray (Chrono Boost)  
  13  37:39  Cybernetics Core  
  13  37:44  Probe  
  14  38:21  Probe  
  12  40:48  Pylon  
  11  40:54  Nexus  
  6  42:09  Probe (Chrono Boost)  
  7  42:20  Probe (Chrono Boost)  
  8  42:25  Probe (Chrono Boost)  
  9  42:35  Probe  
Show
View Real Time Build Order
Export as new Build Order

RayoftheSun Zerg 

Build Orders: Pool First 

Get SALT Encoding   

  12  0:01  Drone  
  13  0:09  Drone  
  14  0:18  Overlord  
  14  0:37  Spawning Pool  
  14  0:38  Drone  
  14  0:43  Drone  
  14  0:47  Drone  
  16  0:51  Drone  
  16  0:56  Extractor  
  16  1:02  Drone  
  17  1:10  Drone  
  18  1:21  Drone  
  18  1:23  Queen  
  21  1:43  Drone  
  22  1:47  Hatchery  
  22  1:48  Extractor  
  21  1:58  Drone  
  22  2:01  Lair  
  22  2:05  Overlord  
  22  2:12  Extractor  
  21  2:18  Drone  
  21  2:21  Overlord  
  22  2:26  Drone  
  23  3:01  Hydralisk Den  
  23  3:04  Drone x2  
  23  3:05  Drone x2  
  26  3:07  Queen  
  26  3:10  Pneumatized Carapace  
  28  3:13  Drone  
  28  3:14  Drone x4  
  33  3:21  Drone  
  33  3:23  Extractor  
  33  3:25  Drone  
  34  3:28  Overseer  
  34  4:08  Hydralisk x2  
  34  4:09  Hydralisk  
  40  4:10  Overlord  
  40  4:20  Extractor  
  39  4:35  Hydralisk x3  
  39  4:37  Overlord, Hydralisk  
  39  4:38  Overlord  
  47  4:43  Hydralisk  
  49  5:16  Hydralisk x2  
  49  5:17  Hydralisk x3  
  59  5:38  Hydralisk x3  
  65  5:59  Drone x3  
  68  6:07  Muscular Augments, Hatchery  
  68  6:08  Evolution Chamber  
  66  6:12  Evolution Chamber  
  65  6:55  Hydralisk  
  65  6:56  Overlord, Hydralisk  
  65  6:57  Overlord  
  57  7:09  Hydralisk  
  57  7:10  Hydralisk x3  
  59  7:22  Overseer  
  49  7:28  Hydralisk x3  
  49  8:18  Hydralisk x6  
  61  8:21  Zerg Missile Weapons Level 1  
  61  8:22  Zerg Ground Armor Level 1  
  51  8:52  Hydralisk x2  
  51  8:53  Hydralisk x7  
  69  9:33  Hydralisk x5  
  69  9:34  Hydralisk x4  
  69  9:37  Grooved Spines  
  87  10:04  Hydralisk  
  87  10:06  Overlord x3  
  49  10:39  Zerg Ground Armor Level 2  
  49  10:40  Infestation Pit  
  46  11:32  Hive  
  46  11:35  Zerg Melee Weapons Level 1  
  46  13:30  Drone x5  
  46  13:31  Drone x8  
  46  13:32  Ultralisk Cavern, Drone x6  
  64  14:20  Extractor  
  64  14:22  Zergling x2  
  64  14:23  Extractor  
  63  14:25  Ultralisk x4  
  63  14:26  Chitinous Plating  
  63  14:29  Overlord x6  
  63  14:31  Zerg Ground Armor Level 3  
  87  14:32  Zerg Melee Weapons Level 2  
  87  15:05  Ultralisk x4  
  72  16:09  Ultralisk x5  
  102  16:12  Anabolic Synthesis  
  84  17:46  Ultralisk x2  
  84  17:47  Overlord, Ultralisk x3  
  114  18:00  Zerg Melee Weapons Level 3  
  108  18:44  Ultralisk  
  114  19:18  Zergling x4  
  114  19:20  Overlord x4  
  98  20:02  Zergling x2  
  98  20:04  Ultralisk x5  
  116  20:38  Ultralisk x2  
  116  20:39  Zergling x6  
  116  20:40  Zergling x2  
  126  20:56  Hydralisk x2  
  118  21:38  Burrow  
  118  21:41  Hydralisk x3  
  118  21:42  Hydralisk x3  
  130  21:56  Hydralisk x2  
  132  22:12  Spore Crawler x3  
  132  22:13  Spore Crawler x3  
  110  22:16  Hatchery  
  59  22:51  Extractor  
  58  22:53  Extractor  
  55  23:54  Spawning Pool  
  54  24:53  Lair  
  54  25:25  Hatchery  
  53  25:58  Overlord  
  53  25:59  Overlord  
  53  26:00  Hydralisk Den, Queen  
  53  26:01  Overlord  
  54  26:34  Hydralisk x2  
  54  26:35  Hydralisk  
  54  26:38  Drone, Evolution Chamber  
  54  26:39  Evolution Chamber  
  59  26:42  Queen  
  61  26:51  Hydralisk  
  61  26:52  Hydralisk  
  65  27:11  Hydralisk x7  
  12  28:20  Hatchery  
  12  28:22  Lair  
  7  28:40  Drone  
  7  28:41  Drone x5  
  13  29:01  Extractor  
  12  29:03  Extractor  
  11  29:11  Extractor  
  11  29:15  Extractor  
  9  29:39  Hatchery  
  9  29:40  Drone x8  
  16  29:52  Overseer  
  16  30:00  Hydralisk Den  
  16  30:04  Drone  
  16  30:05  Drone x6  
  22  30:10  Evolution Chamber  
  22  30:11  Evolution Chamber  
  20  30:24  Drone x3  
  20  30:26  Overlord x2  
  23  30:31  Hydralisk x3  
  29  30:41  Hydralisk  
  31  30:48  Zerg Missile Weapons Level 2  
  31  30:50  Hydralisk x2  
  31  30:56  Hydralisk x3  
  31  30:57  Hydralisk x2  
  45  31:07  Hydralisk  
  45  31:08  Hydralisk x2  
  51  31:14  Hydralisk x2  
  55  31:25  Hydralisk x2  
  55  31:26  Hydralisk x4  
  55  31:31  Hydralisk  
  69  31:39  Hydralisk x2  
  73  31:49  Hydralisk x3  
  79  32:14  Hydralisk  
  81  32:16  Overlord  
  81  32:23  Overlord x3  
  81  32:25  Overlord x3  
  81  32:26  Overlord  
  81  32:36  Hydralisk x3  
  87  32:42  Hydralisk  
  89  32:53  Hydralisk x2  
  89  32:57  Hydralisk  
  93  33:12  Overlord  
  93  33:13  Overlord x2  
  93  33:20  Overlord  
  93  33:27  Overlord  
  93  33:31  Infestation Pit  
  92  33:37  Hydralisk x2  
  96  33:43  Spawning Pool  
  96  33:45  Hydralisk x2  
  86  34:04  Hatchery  
  18  34:33  Hydralisk x3  
  22  34:55  Hydralisk x2  
  22  35:23  Drone  
  22  35:24  Drone x2  
  23  35:41  Lair  
  20  36:08  Drone x3  
  19  36:48  Hatchery  
  18  37:48  Hatchery x2  
  16  39:01  Drone x3  
  19  39:04  Lair  
  19  39:27  Spawning Pool  
  19  39:29  Drone x2  
  20  39:46  Drone x2  
  22  40:17  Hydralisk Den  
  22  40:18  Overlord x2  
  21  40:36  Queen  
  23  40:51  Hydralisk x3  
  27  41:12  Hydralisk  
  29  41:46  Hatchery  
  14  41:52  Hydralisk Den  
  13  42:16  Hatchery  
  5  43:39  Drone x2  
  5  44:09  Spawning Pool  
  4  44:37  Hatchery  
  4  44:51  Drone x3  
  6  45:11  Drone  
  3  45:27  Hatchery  
Show
View Real Time Build Order
Export as new Build Order

DontMention Protoss 

Build Orders:  

Get SALT Encoding   

  12  0:00  Probe  
  13  0:17  Pylon  
  13  0:24  Probe  
  14  0:36  Gateway, Probe  
  15  0:53  Probe (Chrono Boost)  
  17  1:04  Probe (Chrono Boost)  
  17  1:07  Gateway  
  17  1:09  Probe (Chrono Boost)  
  18  1:15  Assimilator  
  18  1:26  Cybernetics Core  
  18  1:32  Assimilator  
  18  1:34  Probe (Chrono Boost)  
  19  1:45  Probe (Chrono Boost)  
  20  1:49  Probe (Chrono Boost)  
  20  1:53  Gateway  
  21  2:01  Warp Gate (Chrono Boost)  
  21  2:10  Probe  
  22  2:22  Probe  
  23  2:25  Pylon  
  23  2:28  Pylon  
  23  2:39  Nexus  
  23  2:43  Stalker  
  25  3:00  Gateway  
  25  3:10  Pylon  
  25  3:21  Gateway  
  25  3:24  Twilight Council  
  25  3:26  Probe  
  26  3:39  Probe  
  27  3:42  Stalker  
  29  3:51  Probe  
  29  3:52  Probe  
  31  4:00  Charge (Chrono Boost)  
  31  4:03  Probe  
  31  4:04  Probe  
  33  4:17  Robotics Facility  
  33  4:24  Shield Battery  
  33  4:33  Stalker x2  
  37  4:58  Stalker x4  
  45  5:11  Immortal  
  49  5:23  Zealot x2  
  53  5:29  Probe x2  
  53  5:30  Blink (Chrono Boost)  
  55  5:38  Pylon  
  55  5:41  Probe  
  56  5:52  Gateway  
  56  6:02  Forge  
  56  6:11  Warp Prism (Chrono Boost)  
  46  7:18  Stalker  
  46  7:19  Stalker x3  
  46  7:20  Stalker x2  
  54  7:52  Stalker x2  
  54  7:53  Stalker x4  
  66  8:06  Pylon  
  66  8:08  Pylon  
  66  8:09  Pylon  
  66  8:26  Zealot x4  
  66  8:27  Zealot x2  
  36  8:54  Zealot x3  
  36  8:55  Zealot x3, Immortal (Chrono Boost)  
  48  9:00  Protoss Shields Level 1 (Chrono Boost)  
  52  9:27  Probe x2  
  54  9:36  Assimilator  
  54  9:39  Probe  
  54  9:40  Assimilator  
  55  10:02  Nexus  
  51  10:17  Stalker x2  
  51  10:18  Stalker x3  
  61  10:59  Warp Prism  
  61  11:02  Protoss Ground Weapons Level 1  
  63  11:08  Gateway  
  63  11:12  Gateway  
  63  11:13  Gateway  
  63  11:14  Gateway  
  63  11:16  Gateway  
  37  12:46  Stalker x4  
  37  12:47  Stalker x7  
  59  13:20  Gateway  
  59  13:25  Gateway  
  59  13:27  Stalker x3  
  59  13:28  Stalker x4  
  59  13:29  Gateway, Stalker x4  
  59  13:33  Gateway  
  81  13:36  Probe (Chrono Boost)  
  82  13:46  Probe (Chrono Boost)  
  83  13:51  Probe (Chrono Boost)  
  53  14:02  Probe  
  51  14:14  Probe  
  52  14:34  Stalker x2  
  52  14:35  Stalker x4  
  52  14:36  Zealot x5  
  52  14:37  Zealot  
  76  15:06  Zealot x3  
  76  15:07  Zealot x5  
  92  15:25  Stalker x3  
  42  16:01  Probe (Chrono Boost)  
  44  16:11  Probe (Chrono Boost)  
  44  16:16  Probe (Chrono Boost), Assimilator  
  45  16:19  Stalker x6  
  45  16:21  Assimilator  
  57  16:37  Pylon  
  57  16:38  Pylon  
  57  16:41  Pylon  
  57  16:46  Probe  
  58  16:53  Pylon  
  58  16:54  Pylon  
  58  16:57  Pylon  
  58  16:58  Probe  
  59  17:02  Gateway  
  59  17:04  Gateway  
  59  17:07  Gateway  
  59  17:10  Stalker  
  59  17:11  Stalker x3  
  59  17:12  Stalker x2  
  59  17:13  Gateway, Stalker x3  
  59  17:15  Gateway, Stalker x3  
  81  17:20  Stalker  
  81  17:21  Stalker x2  
  49  17:52  Zealot  
  49  17:53  Zealot x4  
  49  17:54  Zealot x3  
  49  17:55  Zealot x2  
  49  17:56  Zealot x3  
  49  17:57  Zealot  
  77  18:10  Zealot x5  
  77  18:11  Zealot  
  32  18:35  Immortal  
  32  18:38  Zealot x4  
  32  18:39  Zealot x2  
  32  18:40  Zealot x4  
  32  18:41  Zealot  
  58  18:42  Zealot  
  58  18:43  Zealot x3  
  58  18:46  Zealot  
  23  19:19  Immortal (Chrono Boost)  
  27  19:26  Zealot x2  
  27  19:27  Zealot x3  
  37  20:02  Probe  
  38  20:21  Immortal (Chrono Boost)  
  42  20:30  Zealot  
  42  20:31  Zealot x2  
  18  21:40  Nexus  
  18  21:46  Pylon  
  17  21:47  Pylon  
  17  21:49  Pylon  
  17  21:50  Pylon  
  15  22:13  Cybernetics Core  
  15  22:56  Stargate  
  15  22:57  Stargate  
  15  22:59  Stargate  
  15  23:01  Stargate  
  15  23:03  Stargate  
  15  23:04  Stargate  
  12  23:08  Stargate  
  7  23:43  Void Ray (Chrono Boost)  
  31  23:53  Void Ray x2 (Chrono Boost)  
  31  23:54  Void Ray x3 (Chrono Boost)  
  31  24:08  Probe (Chrono Boost)  
  33  24:18  Probe (Chrono Boost)  
  33  24:22  Probe (Chrono Boost)  
  33  24:23  Void Ray  
  37  24:29  Void Ray  
  42  24:34  Probe  
Tags
 
Add a new tag
Caveats
  • Supply blocks, unpowered buildings, or Contaminate may cause inaccurate times.
  • Supply counts are checked every 10 seconds.